 Dungeon Crawl Stone Soup version 0.31-a0-204-g7da18cac08 (webtiles) character file.

Game seed: 18353025713726543064

1108 qw the Skirmisher (level 8, -2/43 (46) HPs)
             Began as a Deep Elf Hunter on June 27, 2023.
             Was an Initiate of Okawaru.
             Slain by a kobold brigand
             ... wielding a +0 dagger of draining
              (5 damage)
             ... on level 7 of the Dungeon.
             The game lasted 00:01:44 (4369 turns).

qw the Skirmisher (Deep Elf Hunter)                 Turns: 4369, Time: 00:01:45

HP:   -2/43 (46)    AC:  9    Str:  8    XL:     8   Next: 11%
MP:   9/10          EV: 11    Int: 13    God:    Okawaru [......]
Gold: 349           SH:  0    Dex: 18    Spells: 7/7 levels left

rFire   . . .        Y - +4 shortbow
rCold   . . .        (shield currently unavailable)
rNeg    + . .        b - +0 ring mail
rPois   .            (no helmet)
rElec   .            (no cloak)
rCorr   .            o - +0 pair of gloves
SInv    .            n - +2 pair of boots
Will    .....        (no amulet)
Stlth   +            h - ring of positive energy
HPRegen 0.27/turn    (no ring)
MPRegen 0.12/turn

%: no passive effects
@: drained
A: claws 1, dopey 1, weak 1
a: Renounce Religion


You were on level 7 of the Dungeon.
You worshipped Okawaru.
Okawaru was noncommittal.
You visited 1 branch of the dungeon, and saw 7 of its levels.

You collected 349 gold pieces.


Innate Abilities, Weirdness & Mutations

You have sharp fingernails.
You are dopey. (Int -2)
You are weak. (Str -2)


   Skills:
 - Level 3.0 Fighting
 + Level 12.1 Ranged Weapons
 - Level 1.3 Armour
 - Level 3.6 Dodging
 - Level 1.2 Stealth
 - Level 0.8 Invocations


You had 7 spell levels left.
You didn't know any spells.
Your spell library was empty.

Inventory:

Hand Weapons
 Y - a +4 shortbow (weapon)
Armour
 b - a +0 ring mail (worn)
 n - a +2 pair of boots (worn)
 o - a +0 pair of gloves (worn)
Jewellery
 h - a ring of positive energy (left hand)
 i - a ring of fire
Wands
 l - a wand of digging (3)
Scrolls
 a - a scroll of identify
 k - a scroll of teleportation
 p - a scroll of fear {unknown}
Potions
 c - 4 potions of curing
 d - 2 potions of cancellation
 e - a potion of resistance
 f - a potion of might
 g - 2 potions of mutation
 j - a potion of berserk rage {unknown}
 m - a potion of haste
 q - a potion of heal wounds {unknown}

Dungeon Overview and Level Annotations

Branches:
Dungeon (7/15)             Temple (0/1) D:5

Altars:
Okawaru
Ru
Uskayaw
Vehumet
Xom

Annotations:
D:4 3 runed translucent doors, qw's ghost, amateur DEHu


Message History

You feel sick.
The orc priest looks satisfied for a moment.
The kobold brigand hits you with a +0 dagger of draining.
You partially resist.
You feel drained. The orc priest misses you.
The kobold brigand closely misses you.
You shoot an arrow.
The arrow hits the orc priest but does no damage.
You feel sick.
You are no longer poisoned.
The orc priest hits you with a +0 hand axe.
The kobold brigand misses you.
You shoot an arrow.
The arrow completely misses the orc priest.
The orc priest hits you but does no damage.
The kobold brigand barely misses you.
You shoot an arrow. The arrow hits the orc priest.
The orc priest is lightly wounded.
The orc priest closely misses you.
The kobold brigand hits you with a +0 dagger of draining.
You partially resist.
You feel drained.
You shoot an arrow.
The arrow closely misses the orc priest.
You feel like a meek peon again.
The orc priest hits you with a +0 hand axe.
The kobold brigand hits you with a +0 dagger of draining.
You partially resist.
You feel drained. The orc priest closely misses you.
The kobold brigand hits you but does no damage.
You partially resist.
You shoot an arrow. The arrow hits the orc priest.
The orc priest is moderately wounded.
The orc priest hits you with a +0 hand axe.
The kobold brigand hits you but does no damage.
You partially resist.
You shoot an arrow. The arrow hits the orc priest!
The orc priest is severely wounded.
You feel yourself speed up.
The orc priest mumbles some strange prayers to Beogh against you.
Beogh smites you!
The kobold brigand hits you with a +0 dagger of draining.
You die...

...# ###...###
#.........
#.........
#....(..# ##
#...[...# ).
####.......#
#.#..........#
#)o@##.......#
#.K..........###.#
######...........#
#.#..########
#.#..#####
#.#......##
#.##.##...###.#
#.##.##.#.....# #.
#.##.<.#####


You could see a kobold brigand and an orc priest.

Vanquished Creatures
  A black bear (D:4)
  An ice beast (D:6)
  An ogre (D:5)
  A phantom (D:5)
  2 scorpions (D:5)
  3 howler monkeys
  3 hounds
  An orc priest (D:6)
  A sleepcap (D:6)
  2 iguanas (D:6)
  5 orc wizards
  6 gnolls (D:5)
  4 adders
  A shadow imp (D:5)
  2 worms
  3 dart slugs
  16 orcs
  5 bats
  6 endoplasms
  2 giant cockroaches (D:1)
  14 goblins
  12 hobgoblins
  2 quokkas
  10 ball pythons
  4 kobolds
  7 rats
  2 butterflies (D:5)
117 creatures vanquished.

Notes
Turn   | Place    | Note
-------+----------+-------------------------------------------
     0 | D:1      | qw the Deep Elf Hunter began the quest for the Orb.
     0 | D:1      | Reached XP level 1. HP: 12/12 MP: 3/3
     0 | D:1      | 0 ||| qw: Version: 0.3-a-22-g0ed2b0b
     0 | D:1      | 0 ||| qw: Game counter: 6527
     0 | D:1      | 0 ||| qw: Melee chars always use a shield: true
     0 | D:1      | 0 ||| qw: God list: Okawaru
     0 | D:1      | 0 ||| qw: Allow faded altars: false
     0 | D:1      | 0 ||| qw: Do Orc after clearing Dungeon:15 true
     0 | D:1      | 0 ||| qw: Do second Lair branch before Depths: true
     0 | D:1      | 0 ||| qw: Lair rune preference: random
     0 | D:1      | 0 ||| qw: Goals: Normal
     0 | D:1      | 0 ||| PLANNING D:1-11
     6 | D:1      | You fall into a shaft and drop 1 floor!
    26 | D:2      | 26 ||| DROPPING scroll of butterflies.
    73 | D:1      | Reached skill level 6 in Ranged Weapons
    73 | D:1      | Reached XP level 2. HP: 16/16 MP: 4/4
   606 | D:1      | 606 ||| UPGRADING to +0 ring mail.
   616 | D:1      | 616 ||| DROPPING +0 leather armour.
   617 | D:1      | 617 ||| READING scroll labelled NUUHOL ICVOTTU.
   622 | D:1      | 622 ||| READING scroll labelled ACISSOM ZIPE.
   623 | D:1      | 623 ||| READING scroll labelled XIMYNE MASOAM.
   624 | D:1      | 624 ||| DRINKING 3 inky potions.
   624 | D:1      | Gained mutation: You sometimes lose your temper in combat.
                  | [potion of mutation]
   624 | D:1      | Gained mutation: You are weak. (Str -2) [potion of
                  | mutation]
   624 | D:1      | Gained mutation: You do not regenerate when monsters are
                  | visible. [potion of mutation]
   624 | D:1      | Gained mutation: You are partially covered in iridescent
                  | scales. (AC +2) [potion of mutation]
   625 | D:1      | 625 ||| DRINKING 2 potions of mutation.
   625 | D:1      | Lost mutation: You do not regenerate when monsters are
                  | visible. [potion of mutation]
   625 | D:1      | Lost mutation: You are partially covered in iridescent
                  | scales. (AC +2) [potion of mutation]
   625 | D:1      | Lost mutation: You sometimes lose your temper in combat.
                  | [potion of mutation]
   625 | D:1      | Gained mutation: You are dopey. (Int -2) [potion of
                  | mutation]
   625 | D:1      | Gained mutation: You have sharp fingernails. [potion of
                  | mutation]
   678 | D:2      | Reached XP level 3. HP: 13/20 MP: 5/5
   710 | D:2      | 710 ||| READING 3 scrolls of enchant weapon.
   710 | D:2      | 710 ||| ENCHANTING +1 shortbow.
   711 | D:2      | 711 ||| READING 2 scrolls of enchant weapon.
   711 | D:2      | 711 ||| ENCHANTING +2 shortbow.
   712 | D:2      | 712 ||| READING scroll of enchant weapon.
   712 | D:2      | 712 ||| ENCHANTING +3 shortbow.
   882 | D:2      | Reached skill level 7 in Ranged Weapons
  1156 | D:2      | Reached XP level 4. HP: 22/25 MP: 6/6
  1248 | D:2      | 1248 ||| READING scroll labelled CAR WAUCLE.
  1249 | D:2      | 1249 ||| READING 2 scrolls labelled QIEC VAKOZIS.
  1250 | D:2      | 1250 ||| READING scroll labelled PULOLL MOGG.
  1251 | D:2      | 1251 ||| DRINKING 2 purple potions.
  1252 | D:2      | 1252 ||| DRINKING 2 green potions.
  1253 | D:2      | 1253 ||| DROPPING scroll of poison.
  1255 | D:2      | 1255 ||| Stepping ~*~*~tactically~*~*~ (cloud).
  1264 | D:2      | HP: 6/25 [poisoned by you (poison gas)]
  1412 | D:3      | 1412 ||| Stepping ~*~*~tactically~*~*~ (outnumbered).
  1487 | D:3      | 1487 ||| FLEEEEING.
  1488 | D:3      | 1488 ||| FLEEEEING.
  1489 | D:3      | 1489 ||| FLEEEEING.
  1490 | D:3      | 1490 ||| FLEEEEING.
  1492 | D:3      | 1492 ||| FLEEEEING.
  1495 | D:3      | 1495 ||| FLEEEEING.
  1499 | D:3      | 1499 ||| DRINKING potion of curing.
  1499 | D:3      | 1499 ||| (to cure confusion)
  1507 | D:3      | Reached skill level 8 in Ranged Weapons
  1777 | D:3      | Found a hide-covered altar of Uskayaw.
  1894 | D:3      | Found a radiant altar of Vehumet.
  1897 | D:3      | Found a sacrificial altar of Ru.
  2146 | D:3      | 2146 ||| UPGRADING to ring of positive energy.
  2147 | D:3      | 2147 ||| READING 3 scrolls of identify.
  2147 | D:3      | 2147 ||| IDENTIFYING murky sapphire potion
  2148 | D:3      | 2148 ||| READING 2 scrolls of identify.
  2148 | D:3      | 2148 ||| IDENTIFYING black potion
  2178 | D:4      | Reached XP level 5. HP: 21/29 MP: 7/7
  2529 | D:4      | Found a runed translucent gate.
  2530 | D:4      | Found a runed translucent gate.
  2531 | D:4      | Found a runed translucent gate.
  2567 | D:4      | Noticed a black bear
  2575 | D:4      | Killed a black bear
  2576 | D:4      | Reached skill level 9 in Ranged Weapons
  2576 | D:4      | Reached XP level 6. HP: 19/34 MP: 8/8
  2669 | D:4      | Noticed qw's ghost (amateur DEHu)
  2766 | D:4      | 2766 ||| UPGRADING to +0 pair of boots.
  2771 | D:4      | 2771 ||| UPGRADING to +2 pair of boots.
  2781 | D:4      | 2781 ||| DROPPING +0 pair of boots.
  2782 | D:4      | 2782 ||| UPGRADING to +0 pair of gloves.
  2787 | D:4      | 2787 ||| READING scroll labelled ZILAPT IBIZO.
  2788 | D:4      | 2788 ||| READING 3 scrolls of identify.
  2788 | D:4      | 2788 ||| IDENTIFYING white potion
  2789 | D:4      | 2789 ||| READING 2 scrolls of identify.
  2789 | D:4      | 2789 ||| IDENTIFYING glowing coppery potion
  2790 | D:4      | 2790 ||| DROPPING potion of degeneration.
  2813 | D:5      | Entered Level 5 of the Dungeon
  2950 | D:5      | Found a staircase to the Ecumenical Temple.
  2951 | D:5      | 2951 ||| PLANNING TEMPLE
  2975 | D:5      | Reached skill level 1 in Armour
  2989 | D:5      | Found an iron altar of Okawaru.
  2990 | D:5      | 2990 ||| PLANNING OKAWARU WORSHIP
  2990 | D:5      | 2990 ||| Stepping ~*~*~tactically~*~*~ (outnumbered).
  2992 | D:5      | 2992 ||| Stepping ~*~*~tactically~*~*~ (outnumbered).
  3002 | D:5      | 3002 ||| Stepping ~*~*~tactically~*~*~ (outnumbered).
  3044 | D:5      | Became a worshipper of Warmaster Okawaru
  3045 | D:5      | 3045 ||| PLANNING D:1-11
  3045 | D:5      | Identified the +3 mace "Qaneir" {antimagic, Str-3 Int+9
                  | Dex+3 Stlth+}
  3139 | D:5      | Reached skill level 10 in Ranged Weapons
  3148 | D:5      | Reached skill level 3 in Dodging
  3148 | D:5      | Reached XP level 7. HP: 39/40 MP: 9/9
  3262 | D:5      | Found a shimmering altar of Xom.
  3482 | D:5      | 3482 ||| READING scroll labelled TAITAE TIMUTEASHRE.
  3540 | D:6      | Reached skill level 11 in Ranged Weapons
  3689 | D:6      | 3689 ||| Stepping ~*~*~tactically~*~*~ (outnumbered).
  3704 | D:6      | Reached * piety under Okawaru
  3833 | D:6      | 3833 ||| INVOKING Heroism.
  3841 | D:6      | Reached skill level 12 in Ranged Weapons
  3981 | D:6      | Reached XP level 8. HP: 44/44 MP: 10/10
  4199 | D:6      | 4199 ||| INVOKING Heroism.
  4231 | D:6      | Reached skill level 3 in Fighting
  4310 | D:6      | 4310 ||| READING scroll labelled ROTHUA VOSY.
  4359 | D:7      | 4359 ||| INVOKING Heroism.
  4369 | D:7      | HP: 3/43 [orc priest/divine providence (13)]
  4369 | D:7      | Slain by a kobold brigand

Levels and vault maps discovered:
D:1:      nzn_arrival_crosshair, layout_basic, serial_forest,
          infiniplex_forest_straight_3, infiniplex_forest_end_2,
          infiniplex_forest_straight_5, infiniplex_forest_lined_room_
D:2:      layout_basic
D:3:      layout_loops_ring, minitemple, dk_vineyard_1, corexii_hall_statues_i,
          minmay_goblin_outpost
D:4:      black_bear_nest_1, layout_cave_pools, serial_forest,
          infiniplex_forest_lined_2, infiniplex_forest_clump_long,
          infiniplex_forest_zigzag_1, infiniplex_forest_clump_C,
          infiniplex_forest_fountain, gammafunk_ghost_necromancy,
          serial_park_tiny_1
D:5:      layout_loops_ring, okawaru_ov_weapons_minmay, xom_butterflies,
          temple_pool_b
D:6:      layout_loops_ring, hangedman_decor_push
D:7:      layout_loops_ring, serial_shops, nicolae_shop_tiny_real_fake_doors

Skill      XL: |  1  2  3  4  5  6  7  8 |
---------------+-------------------------+-----
Ranged Weapons | 6 7 8 9 10 12 | 12.1
Fighting       | 2 3 |  3.0
Armour         | 1 |  1.3
Dodging        | 3 |  3.6
Stealth        | |  1.2
Invocations    | |  0.8

Action                     |  1- 3 |  4- 6 |  7- 9 || total
---------------------------+-------+-------+-------++-------
   Fire: Shortbow          |   109 |   132 |   110 ||   351
 Invoke: Heroism           |       |       |     3 ||     3
    Use: Scroll            |     6 |     8 |     2 ||    16
         Potion            |     2 |     3 |       ||     5
 Armour: Leather armour    |     7 |       |       ||     7
         Ring mail         |     4 |    21 |    16 ||    41
  Dodge: Dodged            |    24 |    17 |    27 ||    68

Table legend:
 A = Non-vault XP
 B = Vault XP
 C = Vault XP percentage of total XP
 D = Non-vault monster count
 E = Vault monster count
 F = Vault count percentage of total count
                 A         B        C        D         E       F
            +---------+---------+-------+---------+---------+-------
      Total |    1440 |     143 |   9.0 |     107 |       8 |   7.0
            +---------+---------+-------+---------+---------+-------
        D:1 |      37 |       0 |   0.0 |      20 |       0 |   0.0
        D:2 |      67 |       0 |   0.0 |      24 |       0 |   0.0
        D:3 |      69 |      10 |  12.7 |      15 |       7 |  31.8
        D:4 |      76 |     133 |  63.6 |      13 |       1 |   7.1
        D:5 |     577 |       0 |   0.0 |      13 |       0 |   0.0
        D:6 |     603 |       0 |   0.0 |      17 |       0 |   0.0
        D:7 |      11 |       0 |   0.0 |       5 |       0 |   0.0
            +---------+---------+-------+---------+---------+-------
